 Dungeon Crawl Stone Soup version 0.30-a0-368-g86fb4627a9 (webtiles) character file.

Game seed: 9184550921135763636

86 Anamonty the Trooper (level 4, -4/55 HPs)
             Began as a Barachi Warper on Nov 19, 2022.
             Slain by a gnoll
             ... wielding a +2 mace of protection
              (7 damage)
             ... on level 2 of the Dungeon.
             The game lasted 00:03:41 (1543 turns).

Anamonty the Trooper (Barachi Warper)               Turns: 1543, Time: 00:03:41

Health: -4/55      AC:  5    Str: 13    XL:     4   Next: 50%
Magic:  7/7        EV: 12    Int: 13    God:
Gold:   80         SH:  0    Dex: 13    Spells: 6/8 levels left

rFire   . . .      SeeInvis .    a - +0 falchion
rCold   . . .      Faith    .    (no shield)
rNeg    . . .      Spirit   .    b - +0 leather armour
rPois   .          Reflect  .    o - +0 helmet
rElec   .          Harm     .    (no cloak)
rCorr   .          Rampage  .    p - +0 pair of gloves
Will    .....                    (no boots)
Stlth   ..........               (no amulet)
HPRegen 0.29/turn                (no ring)
MPRegen 0.10/turn                (no ring)

@: berserking, unable to hop, quick
A: amphibious, slowness 1, strong legs 1, +LOS
a: Hop


You were on level 2 of the Dungeon.
You visited 1 branch of the dungeon, and saw 2 of its levels.

You collected 80 gold pieces.

Inventory:

Hand Weapons
 a - a +0 falchion (weapon)
 e - a +0 sling of flaming
Missiles
 d - 4 boomerangs of dispersal (quivered)
 q - 5 curare-tipped darts
Armour
 b - a +0 leather armour (worn)
 o - a +0 helmet (worn)
 p - a +0 pair of gloves (worn)
Jewellery
 j - a ring of see invisible
Scrolls
 c - a scroll of blinking
 f - a scroll of identify {unknown}
 k - a scroll of magic mapping {unknown}
 l - a scroll of brand weapon {unknown}
 n - a scroll of acquirement {unknown}
 r - a scroll of teleportation {unknown}
 s - a scroll of immolation {unknown}
Potions
 g - a potion of lignification {unknown}
 h - a potion of resistance {unknown}
 i - a potion of mutation {unknown}
 m - a potion of berserk rage
 t - a potion of curing {unknown}


   Skills:
 * Level 3.7 Fighting
 + Level 3.0 Long Blades
 - Level 1.0 Throwing
 + Level 2.2 Armour
 + Level 2.7 Dodging
 + Level 2.6 Spellcasting
 + Level 3.6 Translocations


You had 6 spell levels left.
You knew the following spells:

 Your Spells              Type           Power      Damage    Failure   Level
a - Blink                 Tloc           22%        N/A       11%         2

Your spell library contained the following spells:

 Spells                   Type           Power      Damage    Failure   Level
 Lesser Beckoning         Tloc           22%        N/A       21%         3
 Teleport Other           Tloc           11%        N/A       21%         3
 Freeze                   Ice            4%         1d3       30%         1
 Vhi's Electric Charge    Tloc/Air       12%        N/A       41%         3
 Manifold Assault         Tloc           11%        N/A       56%         4
 Frozen Ramparts          Ice            2%         1d1       67%         3
 Hailstorm                Conj/Ice       1%         3d3       67%         3


Dungeon Overview and Level Annotations

Branches:
Dungeon (2/15)

Altars:

Annotations:
D:2 1 runed translucent door, Crazy Yiuf


Innate Abilities, Weirdness & Mutations

You are amphibious.
You cover ground slowly.
You can hop short distances.
You have an extended range of vision and can be seen from far away.


Message History

You shoot a sling bullet.
The sling bullet barely misses the gnoll.
The gnoll hits you with a +2 mace of protection!
Your +0 sling of flaming stops flaming.
a - a +0 falchion (weapon)
You closely miss the gnoll.
The gnoll hits you with a +2 mace of protection.
You hit the gnoll but do no damage.
The gnoll hits you with a +2 mace of protection.
The gnoll closely misses you.
You hit the gnoll but do no damage.
You are ready to hop once more.
The gnoll barely misses you.
You hit the gnoll but do no damage. The gnoll barely misses you.
You hit the gnoll but do no damage. The gnoll barely misses you.
Hop to where?
Press: ? - help, Dir - move target, p - gnoll Boing!
The gnoll hits you with a +2 mace of protection!
You hit the gnoll but do no damage. The gnoll barely misses you.
Okay, then.
Throw: 6 boomerangs (disperse)
Press: ? - help, Q - select action, (/) - cycle Shift-Dir - straight line, f - gnoll
Aim: a gnoll, wielding a +2 mace of protection (61% to hit)
You throw a boomerang of dispersal.
The boomerang of dispersal barely misses the gnoll.
The gnoll hits you with a +2 mace of protection!
* * * LOW HITPOINT WARNING * * *
Throw: 5 boomerangs (disperse)
Press: ? - help, Q - select action, (/) - cycle Shift-Dir - straight line, f/p - gnoll
Aim: a gnoll, wielding a +2 mace of protection (61% to hit)
You throw a boomerang of dispersal.
The boomerang of dispersal hits the gnoll but does no damage.
The gnoll hits you with a +2 mace of protection.
* * * LOW HITPOINT WARNING * * *
It was a potion of berserk rage.
A red film seems to cover your vision as you go berserk!
You feel yourself moving faster!
You feel mighty!
The gnoll hits you with a +2 mace of protection!
You die...

.# #.# .# #.# ####
#.# ...). #.# #####
#)# ...# #.######
##.# #..)...# ##.#
######g# ...# #@#
...###### #.#
...##.... #.#
##.##... #.# #.
#... #.# ##.##..
#.# ....... #.#
......##########†#
.................##


You could see a gnoll.

Vanquished Creatures
  Jessica (D:2)
  2 gnolls (D:2)
  2 endoplasms
  8 goblins
  4 hobgoblins
  3 kobolds
  A quokka (D:2)
  7 ball pythons
  6 bats (D:1)
  A frilled lizard (D:1)
  4 rats
39 creatures vanquished.

Notes
Turn   | Place    | Note
-------+----------+-------------------------------------------
     0 | D:1      | Anamonty the Barachi Warper began the quest for the Orb.
     0 | D:1      | Reached XP level 1. HP: 17/17 MP: 3/3
    90 | D:1      | Reached XP level 2. HP: 22/23 MP: 5/5
   251 | D:1      | Learned a level 2 spell: Blink
   462 | D:1      | Reached XP level 3. HP: 29/29 MP: 6/6
  1208 | D:2      | Found a runed translucent door.
  1209 | D:2      | Noticed Crazy Yiuf
  1389 | D:2      | Noticed Jessica
  1406 | D:2      | Killed Jessica
  1407 | D:2      | Reached XP level 4. HP: 19/35 MP: 7/7
  1543 | D:2      | Slain by a gnoll

Illustrated notes

Levels and vault maps discovered:
D:1:      dpeg_arrival_rhombus, layout_basic, minmay_tromino_i4
D:2:      layout_basic, uniq_crazy_yiuf_cottage, uniq_jessica

Skill      XL: |  1  2  3  4 |
---------------+-------------+-----
Fighting       | 3 |  3.7
Armour         | 2 |  2.2
Long Blades    | 3 |  3.0
Throwing       | |  1.0
Dodging        | |  2.7
Spellcasting   | |  2.6
Translocations | |  3.6

Action                   |  1- 3 |  4- 6 || total
-------------------------+-------+-------++-------
Melee: Falchion          |    31 |     7 ||    38
 Fire: Sling             |    93 |    11 ||   104
Throw: Boomerang         |     1 |     2 ||     3
 Abil: Hop               |       |     2 ||     2
  Use: Potion            |     2 |     1 ||     3
Armor: Leather armour    |    41 |     1 ||    42
Dodge: Dodged            |    59 |    12 ||    71

Table legend: (Time is in decaauts)
 A = Elapsed time spent in this place.
 B = Non-inter-level travel time spent in this place.
 C = Inter-level travel time spent in this place.
 D = Time resting spent in this place.
 E = Time spent auto-exploring this place.
 F = Levels seen in this place.
 G = Mean time per level.
                   A        B        C        D        E       F      G
               +--------+--------+--------+--------+--------+-----+--------+
         Total |   1823 |   1705 |    118 |      0 |   1306 |   2 |  911.5 |
       Dungeon |   1823 |   1705 |    118 |      0 |   1306 |   2 |  911.5 |
               +--------+--------+--------+--------+--------+-----+--------+

Top non-repeatable levels by time:
     D:2: 1075 daAuts
     D:1: 747 daAuts
